 Dungeon Crawl Stone Soup version 0.22-a0-880-gb7b0c8b (webtiles) character file.

108 Kuinu the Skirmisher (level 4, -1/38 HPs)
             Began as a Draconian Warper on July 30, 2018.
             Slain by an orc
             ... wielding a +0 club
              (3 damage)
             ... on level 3 of the Dungeon.
             The game lasted 00:05:16 (2401 turns).

Kuinu the Skirmisher (Draconian Warper)             Turns: 2401, Time: 00:05:16

Health: -1/38      AC:  5    Str: 14    XL:     4   Next: 58%
Magic:  3/7        EV: 12    Int: 14    God:
Gold:   103        SH:  0    Dex: 10    Spells: 3/7 levels left

rFire    . . .     SeeInvis .   a - +0 falchion
rCold    . . .     Gourm    .   (no shield)
rNeg     . . .     Faith    .   (armour unavailable)
rPois    .         Spirit   .   (helmet restricted)
rElec    .         Reflect  .   (no cloak)
rCorr    .         Harm     .   (no gloves)
MR       +....                  (no boots)
Stlth    +.........             l - amulet of rage
HPRegen  0.12/turn              e - ring of wizardry
MPRegen  0.10/turn              j - ring of protection from magic

@: shrouded, berserk cooldown, slowed, very slow
A: unfitting armour, cold-blooded, AC +5
a: Evoke Berserk Rage


You were on level 3 of the Dungeon.
You were not hungry.

You visited 1 branch of the dungeon, and saw 3 of its levels.

You collected 103 gold pieces.

Inventory:

Hand Weapons
 a - a +0 falchion (weapon)
Jewellery
 e - a ring of wizardry (left hand)
 j - a ring of protection from magic (right hand)
 l - an amulet of rage (around neck)
Scrolls
 b - a scroll of enchant armour {unknown}
 c - a scroll of blinking
 g - a scroll of enchant weapon {unknown}
 h - a scroll of remove curse {unknown}
 k - 4 scrolls of identify {unknown}
Potions
 i - a potion of agility {unknown}


   Skills:
 * Level 3.4 Fighting
 * Level 3.0 Long Blades
 - Level 0.8 Throwing
 + Level 2.6 Dodging
 + Level 2.3 Spellcasting
 * Level 3.4 Translocations


You had 3 spell levels left.
You knew the following spells:

 Your Spells              Type           Power        Failure   Level  Hunger
a - Shroud of Golubria    Chrm/Tloc      #.........   7%          2    ###....
b - Blink                 Tloc           N/A          3%          2    ###....

Your spell library contained the following spells:

 Spells                   Type           Power        Failure   Level  Hunger
 Teleport Other           Tloc           ##......     7%          3    ###....
 Passage of Golubria      Tloc           N/A          22%         4    #####..
 Gell's Gravitas          Tloc           ##........   7%          3    ###....
 Lesser Beckoning         Tloc           ##........   7%          3    ###....


Dungeon Overview and Level Annotations

Branches:
Dungeon (3/15)

Altars:
Cheibriados
Gozag
Hepliaklqana
Qazlal
Trog
Zin


Innate Abilities, Weirdness & Mutations

Your plain brown scales are hard. (AC +5)
You cannot fit into any form of body armour.
You are cold-blooded and may be slowed by cold attacks.


Message History

* * * LOW HITPOINT WARNING * * *
You barely miss the orc.
The orc is lightly wounded.
The orc barely misses you. The orc closely misses you.
The orc barely misses you. The orc hits you but does no damage.
Okay, then.
Okay, then.
Casting: Shroud of Golubria (safe; 7% risk of failure)
Confirm with . or Enter, or press ? or * to list all spells.
Space distorts slightly along a thin shroud covering your body.
Your shroud bends the orc's attack away.
The orc hits you with a dagger.
* * * LOW HITPOINT WARNING * * *
Your shroud falls apart!
Casting: Shroud of Golubria (safe; 7% risk of failure)
Confirm with . or Enter, or press ? or * to list all spells.
Space distorts slightly along a thin shroud covering your body.
Your shroud bends the orc's attack away.
The orc hits you with a club.
You die...

#.......#
#.......# #
#.......#.##
#.......#$.#
#.........
#.......#
#.......#
#....)..#
#..<.o@.#
#.###o### ..
...# ...
......
.........#..
.. ...... ..
. ...... .##
...... !#


You could see 2 orcs.

Vanquished Creatures
  Terence (D:3)
  An adder (D:2)
  An ooze (D:2)
  2 worms (D:2)
  4 dart slugs
  A leopard gecko (D:1)
  4 orcs (D:3)
  2 bats
  2 giant cockroaches
  4 hobgoblins (D:1)
  7 jackals (D:1)
  2 quokkas
  2 ball pythons (D:2)
  3 frilled lizards (D:1)
  5 goblins
  A kobold (D:1)
  8 rats
50 creatures vanquished.

Notes
Turn   | Place    | Note
-------+----------+-------------------------------------------
     0 | D:1      | Kuinu the Draconian Warper began the quest for the Orb.
     0 | D:1      | Reached XP level 1. HP: 17/17 MP: 3/3
   333 | D:1      | Reached XP level 2. HP: 20/25 MP: 5/5
   416 | D:1      | Learned a level 2 spell: Shroud of Golubria
   419 | D:1      | Learned a level 2 spell: Blink
   902 | D:1      | Reached XP level 3. HP: 28/30 MP: 6/6
  1385 | D:2      | Found Gozag's Platinum Reserve.
  1555 | D:2      | Found a hazy altar of Hepliaklqana.
  1556 | D:2      | Found a bloodstained altar of Trog.
  1557 | D:2      | Found a glowing silver altar of Zin.
  1557 | D:2      | Found a stormy altar of Qazlal.
  1558 | D:2      | Found a snail-covered altar of Cheibriados.
  1768 | D:2      | Reached XP level 4. HP: 14/38 MP: 7/7
  2312 | D:2      | Found an opulent altar of Gozag.
  2365 | D:3      | Noticed Terence
  2393 | D:3      | Killed Terence
  2401 | D:3      | Slain by an orc

Vault maps used:
D:1:      dpeg_arrival_arbitrary_b, corner_web_ring
D:2:      grunt_temple_overflow_open, nicolae_gozag_zags_fifth_avenue
D:3:      lemuel_crystal_altar, gammafunk_temple_overflow_wave, uniq_terence

Skill      XL: |  1  2  3  4 |
---------------+-------------+-----
Fighting       | 3 |  3.4
Long Blades    | 3 |  3.0
Throwing       | |  0.8
Dodging        | |  2.6
Spellcasting   | |  2.3
Translocations | |  3.4

Action                   |  1- 3 |  4- 6 || total
-------------------------+-------+-------++-------
Melee: Falchion          |   139 |    24 ||   163
       Tailslap          |    17 |     3 ||    20
Throw: Tomahawk          |       |     6 ||     6
 Cast: Shroud of Golubri |     5 |     3 ||     8
 Abil: Evoke Berserk Rag |       |     1 ||     1
 Stab: Sleeping          |     1 |       ||     1
  Eat: Chunk             |     3 |     1 ||     4
       Ration            |       |     1 ||     1
Armor: Skin              |    36 |     6 ||    42
Dodge: Dodged            |    84 |    35 ||   119
       Rpst.: Falchion   |    29 |    16 ||    45

Table legend:
 A = Spawn XP
 B = Non-spawn XP
 C = Spawn XP percentage of total XP
 D = Spawn monster count
 E = Non-spawn monster count
 F = Spawn count percentage of total count
 G = Total turns spent on level
                    A         B        C        D         E        F      G
               +---------+---------+-------+---------+---------+-------+---------
         Total |       0 |     155 |   0.0 |       0 |      50 |   0.0 |  2401
               +---------+---------+-------+---------+---------+-------+---------
           D:1 |       0 |      54 |   0.0 |       0 |      28 |   0.0 |  1277
           D:2 |       0 |      48 |   0.0 |       0 |      14 |   0.0 |  1084
           D:3 |       0 |      53 |   0.0 |       0 |       8 |   0.0 |    40
               +---------+---------+-------+---------+---------+-------+---------
